 Dungeon Crawl Stone Soup version 0.20.1-1-g8b1a95d (webtiles) character file.

353 vatarom the Bolt Thrower (level 6, 0/48 HPs)
             Began as a Demonspawn Hunter on Sept 23, 2017.
             Slain by an ogre
             ... wielding a +0 giant club
              (14 damage)
             ... on level 6 of the Dungeon.
             The game lasted 00:07:21 (2784 turns).

vatarom the Bolt Thrower (Demonspawn Hunter)        Turns: 2784, Time: 00:07:22

Health: 0/48       AC:  8    Str: 14    XL:     6   Next: 35%
Magic:  6/6        EV: 12    Int: 13    God:
Gold:   225        SH:  0    Dex: 15    Spells: 5/5 levels left

rFire    . . .     SeeInvis .   b - +2 quarterstaff (chaos)
rCold    . . .     Gourm    .   (shield currently unavailable)
rNeg     . . .     Faith    +   c - +0 leather armour
rPois    .         Spirit   .   (helmet restricted)
rElec    .         Reflect  .   i - +2 cloak
rCorr    .         Harm     .   (no gloves)
MR       +....                  k - +1 pair of boots
Stlth    ++........             r - amulet of faith
Regen    0.2/turn               o - ring of protection from magic
MPRegen  0.1/turn               (no ring)

@: no status effects
A: antennae 1, thin skeletal structure 1
a: no special abilities


You were on level 6 of the Dungeon.
You were not hungry.

You visited 1 branch of the dungeon, and saw 5 of its levels.

You collected 225 gold pieces.

Inventory:

Hand Weapons
 a - a +1 hand crossbow
 b - a +2 quarterstaff of chaos (weapon)
Missiles
 d - 16 bolts
Armour
 c - a +0 leather armour (worn)
 i - a +2 cloak (worn)
 k - a +1 pair of boots (worn)
Jewellery
 o - a ring of protection from magic (left hand)
 r - an amulet of faith (around neck)
Wands
 n - a wand of iceblast (10/15)
 q - a wand of iceblast (4/15)
Scrolls
 e - 2 scrolls of enchant armour
 g - a scroll of amnesia
 m - 2 scrolls of fog
 s - a scroll of magic mapping
Books
 t - a book of Cantrips

   Spells                             Type                      Level
   a - Confusing Touch                Hexes                        1
   b - Animate Skeleton               Necromancy                   1
   c - Summon Small Mammal            Summoning                    1
   d - Apportation                    Translocation                1
Comestibles
 f - 3 bread rations
 h - 4 fruits
 j - 5 meat rations
 l - a royal jelly
 p - 2 chunks of flesh


   Skills:
 + Level 4.2 Fighting
 + Level 6.0 Crossbows
 * Level 1.8 Dodging
 - Level 0.8 Stealth


You had 5 spell levels left.
You didn't know any spells.

Dungeon Overview and Level Annotations

Branches:
Dungeon (4/15)
 Temple: D:4-7

Altars:
Ashenzari
Sif Muna
Zin


Innate Abilities, Weirdness & Mutations

You have a pair of small antennae on your head.
You have a somewhat thin skeletal structure. (Dex +2, Stealth)


Message History

The ogre hits you with a giant club!
You hit the ogre.
The ogre briefly looks sick.
The ogre is lightly wounded.
The ogre hits you with a giant club!!
Ouch! That really hurt!
* * * LOW HITPOINT WARNING * * *
Unknown command.
There is an open door here.
There is a deep blue altar of Sif Muna here.
There is an open door here.
Okay, then.
Found a stone staircase leading up.
There is a stone staircase leading up here.
It was a potion of magic.
Magic courses through your body. The ogre hits you with a giant club.
* * * LOW HITPOINT WARNING * * *
You hit the ogre. You burn the ogre.
The ogre is moderately wounded.
The ogre hits you with a giant club!
You die...

#.## #.#.# #.#
#.#.# #.#.#
#.#.# #.#.#
#######.#.##
...........#
#######†####
...# #.#@.#
#####.###.#O##
#.........#.#
#.###.#####.##
#.#......#
#.#.######
#......#
#.#####.##.#
#.......#..##


You could see an ogre.

Vanquished Creatures
  2 hounds
  Crazy Yiuf (D:2)
  2 iguanas (D:6)
  An orc wizard (D:3)
  A worker ant (D:6)
  A killer bee zombie (D:6)
  A hound zombie (D:6)
  3 adders
  2 worms
  A dart slug (D:2)
  3 leopard geckos
  6 orcs (D:3)
  A ball python (D:3)
  5 bats
  2 giant cockroaches
  13 hobgoblins
  7 jackals
  2 quokkas (D:2)
  7 frilled lizards
  5 goblins
  16 kobolds
  7 rats
89 creatures vanquished.

Notes
Turn   | Place    | Note
-------+----------+-------------------------------------------
     0 | D:1      | vatarom the Demonspawn Hunter began the quest for the Orb.
     0 | D:1      | Reached XP level 1. HP: 16/16 MP: 1/1
   281 | D:1      | Gained mutation: You have a pair of small antennae on your head. [demonic ancestry]
   281 | D:1      | Reached XP level 2. HP: 22/22 MP: 2/2
   353 | D:1      | Reached skill level 4 in Crossbows
   692 | D:2      | Found a glowing silver altar of Zin.
   772 | D:2      | Reached XP level 3. HP: 28/28 MP: 3/3
  1122 | D:2      | Found a runed door.
  1136 | D:2      | Noticed Crazy Yiuf
  1142 | D:2      | Killed Crazy Yiuf
  1142 | D:2      | Reached XP level 4. HP: 20/35 MP: 4/4
  1464 | D:3      | Found a shattered altar of Ashenzari.
  1517 | D:3      | Reached skill level 5 in Crossbows
  1517 | D:3      | Reached XP level 5. HP: 38/41 MP: 5/5
  2162 | D:4      | You fall through a shaft for 2 floors!
  2293 | D:6      | Gained mutation: You have a somewhat thin skeletal structure. (Dex +2, Stealth) [demonic ancestry]
  2293 | D:6      | Reached XP level 6. HP: 30/48 MP: 6/6
  2640 | D:6      | Reached skill level 6 in Crossbows
  2759 | D:6      | Found a deep blue altar of Sif Muna.
  2784 | D:6      | Slain by an ogre

Skill      XL: |  1  2  3  4  5  6 |
---------------+-------------------+-----
Crossbows      | 4 5 6 |  6.0
Fighting       | 3 4 |  4.2
Dodging        | |  1.8
Stealth        | |  0.8

Action                   |  1- 3 |  4- 6 || total
-------------------------+-------+-------++-------
Melee: Quarterstaff      |       |    78 ||    78
 Fire: Hand crossbow     |    74 |    60 ||   134
  Use: Scroll            |     7 |     5 ||    12
       Potion            |     4 |     1 ||     5
 Stab: Sleeping          |       |     2 ||     2
  Eat: Chunk             |       |     6 ||     6
Armor: Leather armour    |     7 |    40 ||    47
Dodge: Dodged            |    10 |    70 ||    80
